 Dungeon Crawl Stone Soup version 0.31.0-9-g3a7656b989 (webtiles) character file.

Game seed: 7741495469593899025

74 qw the Shooter (level 4, 0/22 HPs)
             Began as a Spriggan Hunter on Feb 2, 2024.
             Slain by a gnoll
             ... wielding a +0 club
              (1 damage)
             ... on level 3 of the Dungeon.
             The game lasted 00:00:07 (2175 turns).

qw the Shooter (Spriggan Hunter)                    Turns: 2175, Time: 00:00:08

Health: 0/22       AC:  3    Str:  7    XL:     4   Next: 10%
Magic:  5/5        EV: 19    Int: 10    God:
Gold:   99         SH:  0    Dex: 20    Spells: 3/3 levels left

rFire   . . .        a - +0 shortbow
rCold   . . .        (shield currently unavailable)
rNeg    . . .        c - +0 robe
rPois   +            (helmet restricted)
rElec   .            j - +0 cloak
rCorr   +            (gloves unavailable)
SInv    +            (boots unavailable)
Will    .....        f - amulet of the acrobat
Stlth   ++           h - ring of resist corrosion
HPRegen 0.23/turn    i - ring of poison resistance
MPRegen 0.09/turn

%: acrobat
@: about to teleport, very quick
A: very small, no large weapons, unfitting armour, see invisible, speed 3
a: no special abilities


You were on level 3 of the Dungeon.
You visited 1 branch of the dungeon, and saw 3 of its levels.

You collected 99 gold pieces.


Innate Abilities, Weirdness & Mutations

You are very small and have problems with some larger weapons.
You are too small for most types of armour.
You have supernaturally acute eyesight. (SInv)
You cover ground extremely quickly. (Speed+++)


   Skills:
 - Level 1.5 Fighting
 - Level 5.0 Ranged Weapons
 + Level 4.2 Dodging
 - Level 1.5 Stealth


You had 3 spell levels left.
You didn't know any spells.
Your spell library was empty.

Inventory:

Hand Weapons
 a - a +0 shortbow (weapon)
Armour
 c - a +0 robe (worn)
 j - a +0 cloak (worn)
Jewellery
 f - an amulet of the acrobat (around neck)
 g - a ring of ice
 h - a ring of resist corrosion (left hand)
 i - a ring of poison resistance (right hand)
Scrolls
 k - a scroll of enchant weapon {unknown}
 l - a scroll of blinking {unknown}
 m - a scroll of fog {unknown}
 n - a scroll of enchant armour {unknown}
Potions
 b - a potion of heal wounds {unknown}
 d - a potion of might
 o - a potion of invisibility {unknown}

Dungeon Overview and Level Annotations

Branches:
Dungeon (3/15)

Altars:

Shops:
D:3 (


Message History

A gnoll is wielding a +1 flail of holy wrath.
Found 5 stones.
The gnoll moves out of view.
You shoot an arrow. The arrow barely misses the gnoll.
The gnoll shouts!
The gnoll shouts!
You shoot an arrow.
The arrow hits the gnoll but does no damage.
You hear a shout!
You shoot an arrow. The arrow completely misses the gnoll.
You shoot an arrow. The arrow hits the gnoll.
The gnoll is heavily wounded.
You shoot an arrow.
The arrow hits the gnoll but does no damage.
The gnoll is heavily wounded.
The gnoll hits you from afar with a +0 halberd!
The gnoll completely misses you. The gnoll misses you. x2
You shoot an arrow.
The arrow hits the gnoll but does no damage.
The gnoll is heavily wounded.
The gnoll misses you.
The gnoll hits you from afar with a +0 halberd!
A rat comes into view.
The gnoll hits you but does no damage.
You shoot an arrow. The rat squeaks loudly.
The arrow hits the gnoll.
The gnoll is severely wounded.
The gnoll completely misses you.
The gnoll hits you with a +1 flail of holy wrath.
The gnoll completely misses you.
2174 ||| READING scroll of teleportation.
As you read the scroll of teleportation, it crumbles to dust.
You feel strangely unstable. The gnoll hits you with a +0 club.
The gnoll closely misses you. The gnoll misses you.
You shoot an arrow.
The arrow hits the gnoll but does no damage.
The gnoll is severely wounded.
The gnoll hits you with a +0 club.
You die...

##.###.#.####..##......#
#.# #..#####..####.##.#
#.# #..............##.#
#.###.######..%.%.....#
#.##.%.### #.)#########
#....#...# #..#
####...#.# #..#
##.##.###..# #..@g.....#
####g####.# g.# .#.#
..## r# (# .#


You could see 3 gnolls and a rat.

Vanquished Creatures
  A gnoll (D:2)
  An adder (D:3)
  2 dart slugs (D:3)
  A ribbon worm (D:2)
  5 endoplasms
  2 giant cockroaches
  7 goblins
  3 hobgoblins
  4 jackals (D:3)
  3 kobolds (D:2)
  6 quokkas
  A ball python (D:3)
  3 bats
  3 frilled lizards
  4 rats
46 creatures vanquished.

Notes
Turn   | Place    | Note
-------+----------+-------------------------------------------
     0 | D:1      | qw the Spriggan Hunter began the quest for the Orb.
     0 | D:1      | Reached XP level 1. HP: 10/10 MP: 2/2
     0 | D:1      | 0 ||| qw: Version: 0.3-a-155-g5e7d8dd
     0 | D:1      | 0 ||| qw: Game counter: 1648
     0 | D:1      | 0 ||| qw: Melee chars always use a shield: true
     0 | D:1      | 0 ||| qw: God list: Okawaru
     0 | D:1      | 0 ||| qw: Allow faded altars: false
     0 | D:1      | 0 ||| qw: Do Orc after clearing Dungeon:15 true
     0 | D:1      | 0 ||| qw: Do second Lair branch before Depths: true
     0 | D:1      | 0 ||| qw: Lair rune preference: random
     0 | D:1      | 0 ||| qw: Goals: Normal
     0 | D:1      | 0 ||| PLANNING D:1-11
     2 | D:1      | Noticed a minotaur
     4 | D:1      | Noticed a vampire
     4 | D:1      | Noticed a spriggan
     6 | D:1      | Noticed an elf
     6 | D:1      | Noticed a felid
     8 | D:1      | Noticed a gargoyle
    10 | D:1      | Noticed a demigod
    10 | D:1      | Noticed a demonspawn
    12 | D:1      | Noticed an armataur
    12 | D:1      | Noticed an oni
    14 | D:1      | Noticed an octopode
    14 | D:1      | Noticed a tengu
    16 | D:1      | Noticed a barachi
    18 | D:1      | Noticed a merfolk
    20 | D:1      | Noticed a draconian
    20 | D:1      | Noticed a ghoul
    22 | D:1      | Noticed a human
    22 | D:1      | Noticed a formicid
    24 | D:1      | Noticed a vine stalker
    24 | D:1      | Noticed a troll
    26 | D:1      | Noticed a naga
    26 | D:1      | Noticed a djinni
    56 | D:1      | Found a faded altar of an unknown god.
    61 | D:1      | Reached skill level 3 in Dodging
   122 | D:1      | Reached XP level 2. HP: 5/14 MP: 3/3
   910 | D:1      | 910 ||| READING 2 scrolls labelled VODIZADALU.
   913 | D:1      | 913 ||| READING 2 scrolls labelled IFUOMP DUASIUT.
   914 | D:1      | 914 ||| READING scroll labelled UKE EZ URETU.
  1015 | D:1      | 1015 ||| READING scroll labelled ENOMIARORI.
  1016 | D:1      | 1016 ||| READING 2 scrolls labelled ECEEKEI ZESU.
  1016 | D:1      | 1016 ||| IDENTIFYING murky emerald potion
  1017 | D:1      | 1017 ||| READING scroll of identify.
  1017 | D:1      | 1017 ||| IDENTIFYING amethyst potion
  1018 | D:1      | 1018 ||| DROPPING scroll of butterflies.
  1019 | D:1      | 1019 ||| DROPPING scroll of amnesia.
  1020 | D:1      | 1020 ||| DROPPING potion of brilliance.
  1200 | D:2      | HP: 1/14 [gnoll/+0 club (6)]
  1201 | D:2      | 1201 ||| READING 2 scrolls of teleportation.
  1299 | D:2      | Reached XP level 3. HP: 18/18 MP: 4/4
  1870 | D:2      | 1870 ||| UPGRADING to amulet of the acrobat.
  1875 | D:2      | 1875 ||| UPGRADING to ring of resist corrosion.
  1876 | D:2      | 1876 ||| UPGRADING to ring of poison resistance.
  1923 | D:3      | Found Ygil Hym's Weapon Emporium.
  1932 | D:3      | 1932 ||| UPGRADING to +0 cloak.
  2029 | D:3      | Reached skill level 5 in Ranged Weapons
  2090 | D:3      | 2090 ||| FLEEEEING.
  2096 | D:3      | Reached XP level 4. HP: 17/22 MP: 5/5
  2173 | D:3      | HP: 3/22 [gnoll/+1 flail of holy wrath (4)]
  2174 | D:3      | 2174 ||| READING scroll of teleportation.
  2174 | D:3      | HP: 1/22 [gnoll/+0 club (3)]
  2175 | D:3      | Slain by a gnoll

Levels and vault maps discovered:
D:1:      kb_arrival_jail, layout_loops_cross, serial_bayou,
          serial_bayou_pond_b, serial_bayou_ford_a, serial_bayou_lagoon_a,
          serial_bayou_pond_a, chequers_ecumenical_altar_island, minmay_ruptured
D:2:      layout_basic, corexii_corridor_pit, minmay_pentomino_v4
D:3:      layout_loops_ring, serial_shops, shop

Skill      XL: |  1  2  3 |
---------------+----------+-----
Dodging        | 3 4 |  4.2
Ranged Weapons | 5 |  5.0
Fighting       | |  1.5
Stealth        | |  1.5

Action                     |  1- 3 |  4- 6 || total
---------------------------+-------+-------++-------
   Fire: Shortbow          |   133 |    22 ||   155
    Use: Scroll            |     7 |     1 ||     8
 Armour: Robe              |    15 |     7 ||    22
  Dodge: Dodged            |    18 |    12 ||    30

Table legend:
 A = Non-vault XP
 B = Vault XP
 C = Vault XP percentage of total XP
 D = Non-vault monster count
 E = Vault monster count
 F = Vault count percentage of total count
                 A         B        C        D         E       F
            +---------+---------+-------+---------+---------+-------
      Total |      75 |      32 |  29.9 |      34 |      12 |  26.1
            +---------+---------+-------+---------+---------+-------
        D:1 |       8 |      12 |  60.0 |       5 |       8 |  61.5
        D:2 |      28 |      20 |  41.7 |      15 |       4 |  21.1
        D:3 |      39 |       0 |   0.0 |      14 |       0 |   0.0
            +---------+---------+-------+---------+---------+-------
